Login

Montreal Canadiens vs Philadelphia Flyers

Created - 01 April 2024 at 23:31

Goals
1 2 3 OT1 T
Montreal Canadiens 0 1 0 1 2
Philadelphia Flyers 0 1 0 0 1
Shots
1 2 3 OT1 T
Montreal Canadiens 8 15 8 1 32
Philadelphia Flyers 18 8 5 0 31

GoalsPenalties
1st period
No Goal
Alex Newhook (MTL) for Tripping (Minor) at 9:31
Travis Hamonic (PHI) for Cross-checking (Minor) at 16:27
2nd period
1. Montreal Canadiens , Josh Anderson 2 (Nick Suzuki 8, Mike Matheson 6) at 14:20
2. Philadelphia Flyers , Josh Norris 2 (Morgan Frost 4, Cam York 4) at 17:55
Vince Dunn (PHI) for Cross-checking (Minor) at 6:20
Nicolas Deslauriers (PHI) for Hooking (Minor) at 18:27
3rd period
No Goal
Alexander Edler (MTL) for Tripping (Minor) at 7:37
Scott Laughton (PHI) for Tripping (Minor) at 14:15
Cal Foote (PHI) for Interference (Minor) at 16:54
Overtime #1
3. Montreal Canadiens , Sean Monahan 1 (Christian Dvorak 5, Cole Caufield 6) at 2:13
No Penalty
Goalie Stats
Jake Allen (MTL), 30 saves from 31 shots - (0.968), W, 6-4-2, 62:13 minutes
Matt Murray (PHI), 30 saves from 32 shots - (0.938), OTL, 2-4-1, 62:13 minutes
3 StarsOfficial
1 - Jake Allen (MTL)
2 - Josh Anderson (MTL)
3 - Sean Monahan (MTL)
Referees : Chris Rooney and Chris Lee
Linesman : Jonny Murray and Kyle Flemington
Game Note
Kirby Dach is injured at 2:07 of 3rd period (Bruised Left Leg)
Mike Matheson is injured at 7:13 of 3rd period (Strained Left Knee)
Finance
Level 1 -- Attendance: 5281 (88.02%) -- Ticket Income $528,100
Level 2 -- Attendance: 4229 (84.58%) -- Ticket Income $253,740
Level 3 -- Attendance: 1841 (92.05%) -- Ticket Income $64,435
Level 4 -- Attendance: 3628 (90.70%) -- Ticket Income $90,700
Luxury Box -- Attendance: 859 (85.90%) -- Ticket Income $171,800
Game was played at the Wells Fargo Center.
Total Attendance: 15838 (87.99%)
Total Ticket Income: $1,108,775
Other Income: $543,300
Total Income: $1,652,075



Team Name Goals Shots Shots Attemp Shots Blocked PIM HIT PP PK FO%
Montreal Canadiens 23248194200 / 5 (0%)040%
Philadelphia Flyers 131651010240 / 2 (0%)060%

Montreal Canadiens
Player Name POS G A P +/- PIM HIT SHT SB MP PP MP PP SHT PK MP PK SHT FO% FOT GA TA
Alex NewhookLW000-1212018:534:2800:2700% 000
Alexander EdlerD0000243124:284:3101:0200% 003
Christian DvorakC011100108:180:3300:21050% 210
Cole CaufieldRW011-1012019:034:3000:0000% 010
David SavardD0001021324:505:1902:0800% 003
Derick BrassardC0000022016:431:3701:23067% 300
Joel ArmiaRW000001005:010:0000:0000% 000
Johnathan KovacevicD000-1020215:170:3801:1100% 001
Josh AndersonRW1011031321:085:1700:00033% 300
Josh BaileyRW0000002111:500:0000:0000% 011
Kaiden GuhleD000-1000115:321:0900:4800% 001
Kirby DachC000-1001013:582:3700:42022% 911
Matt BenningD0001004124:144:5011:5000% 000
Michael PezzettaLW0000030112:220:0000:2100% 001
Mike MathesonD0111004118:193:2320:5700% 020
Nick SuzukiC0111003123:495:1602:31044% 3200
Rafael Harvey-PinardLW0001015426:185:2702:11033% 300
Sean MonahanC101100102:360:0000:0000% 000
Philadelphia Flyers
Player Name POS G A P +/- PIM HIT SHT SB MP PP MP PP SHT PK MP PK SHT FO% FOT GA TA
Cal FooteD0000211116:421:4900:0500% 000
Cam YorkD0111002119:441:4904:2500% 002
Christian FischerRW000000106:450:0000:0000% 000
Garnet HathawayRW0000030020:021:5205:2500% 000
Jonathan ToewsC0000001015:502:0600:00082% 1710
Josh NorrisC1010002016:161:5210:00067% 310
Mark KastelicC0000031012:120:0005:20050% 602
Miles WoodLW0000044011:450:0000:0000% 200
Morgan FrostC0110013014:470:0000:53040% 1030
Nicolas DeslauriersLW0000220116:221:5200:2400% 000
Noah CatesLW000-1013019:172:0603:48050% 200
Ryan DonatoLW000001209:380:0002:2200% 000
Scott LaughtonC0000201015:190:0001:38058% 1200
Sean WalkerD0001021019:000:0005:2900% 020
Travis HamonicD000-1211322:380:0004:2200% 001
Travis KonecnyRW000-1035015:452:0610:0000% 010
Travis SanheimD0000011221:312:0904:2500% 010
Vince DunnD000-2212223:062:0911:0400% 021

Montreal Canadiens

5 vs 5 Forward
Line #Left WingCenterRight WingPHYDFOFWanted %Time %Time Play
1Rafael Harvey-PinardNick SuzukiJosh Anderson1134234%15:41
2Alex NewhookKirby DachCole Caufield2123232%14:43
3Michael PezzettaDerick BrassardJosh Bailey2212025%11:41
4Rafael Harvey-PinardChristian DvorakJoel Armia13169%4:02
5 vs 5 Defense
Line #DefenseDefensePHYDFOFWanted %Time %Time Play
1Mike MathesonDavid Savard1223639%17:52
2Matt BenningAlexander Edler2213635%16:05
3Johnathan KovacevicKaiden Guhle2302826%12:10
4Mike MathesonDavid Savard12200%0:00
Power Play Forward
Line #Left WingCenterRight WingPHYDFOFWanted %Time %Time Play
1Rafael Harvey-PinardNick SuzukiJosh Anderson1046353%5:16
2Alex NewhookKirby DachCole Caufield0233747%4:39
Power Play Defense
Line #DefenseDefensePHYDFOFWanted %Time %Time Play
1Mike MathesonDavid Savard1226374%7:21
2Matt BenningAlexander Edler1223726%2:34
Penalty Kill 4 Players Forward
Line #CenterWingPHYDFOFWanted %Time %Time Play
1Nick SuzukiRafael Harvey-Pinard1406071%2:49
2Kirby DachAlex Newhook1404029%1:09
Penalty Kill 4 Players Defense
Line #DefenseDefensePHYDFOFWanted %Time %Time Play
1Mike MathesonDavid Savard2306054%2:08
2Matt BenningAlexander Edler2304046%1:50
Penalty Kill 3 Players
Line #WingPHYDFOFWanted %Time %Time PlayDefenseDefensePHYDFOFWanted %Time %Time Play
1Nick Suzuki140560%0:00 Mike MathesonDavid Savard140570%0:00
2Kirby Dach140440%0:00 Matt BenningAlexander Edler140430%0:00
4 vs 4 Forward
Line #CenterWingPHYDFOFWanted %Time %Time Play
1Nick SuzukiRafael Harvey-Pinard122630%0:00
2Kirby DachAlex Newhook113370%0:00
4 vs 4 Defense
Line #DefensePHYDFOFWanted %Time %Time Play
1Mike MathesonDavid Savard221630%0:00
2Matt BenningAlexander Edler221370%0:00
Last Minutes Offensive
Left WingCenterRight WingDefenseDefense
Rafael Harvey-PinardNick SuzukiJosh AndersonMike MathesonDavid Savard
Last Minutes Defensive
Left WingCenterRight WingDefenseDefense
Rafael Harvey-PinardNick SuzukiJosh AndersonMike MathesonDavid Savard
Time
Total ForwardTotal DefenseLast Minutes OffensiveLast Minutes Defensive
60:00 60:00 0:000:00
Extra Forwards
Normal PowerPlayPenalty Kill
Derick Brassard, Christian Dvorak, Sean MonahanDerick Brassard, Christian DvorakDerick Brassard
Extra Defensemen
Normal PowerPlayPenalty Kill
Alexander Edler, Johnathan Kovacevic, Kaiden GuhleAlexander Edler, Alexander EdlerJohnathan Kovacevic
Penalty Shots
Nick Suzuki, Kirby Dach, Josh Anderson, Cole Caufield, Derick Brassard
Goalie
Jake Allen, Sam Montembeault
Custom OT Lines Forwards
Nick Suzuki, Kirby Dach, Josh Anderson, Cole Caufield, Derick Brassard, Christian Dvorak, Sean Monahan, Josh Bailey, Rafael Harvey-Pinard, Alex Newhook
Custom OT Lines Defensemen
Mike Matheson, David Savard, Matt Benning, Alexander Edler, Johnathan Kovacevic
Scratches
Jordan Harris (Healthy), Gustav Lindstrom (Healthy), Vladislav Namestnikov (Healthy)

Philadelphia Flyers

5 vs 5 Forward
Line #Left WingCenterRight WingPHYDFOFWanted %Time %Time Play
1Noah CatesJonathan ToewsTravis Konecny1223232%14:40
2Nicolas DeslauriersScott LaughtonGarnet Hathaway1223028%12:57
3Miles WoodMorgan FrostJosh Norris1222825%11:45
4Ryan DonatoMark KastelicChristian Fischer1221015%6:45
5 vs 5 Defense
Line #DefenseDefensePHYDFOFWanted %Time %Time Play
1Vince DunnTravis Hamonic1224042%19:34
2Travis SanheimCal Foote1223030%13:58
3Sean WalkerCam York1222020%9:02
4Sean WalkerCam York122108%3:33
Power Play Forward
Line #Left WingCenterRight WingPHYDFOFWanted %Time %Time Play
1Noah CatesJonathan ToewsTravis Konecny1226053%2:06
2Nicolas DeslauriersJosh NorrisGarnet Hathaway1224047%1:52
Power Play Defense
Line #DefenseDefensePHYDFOFWanted %Time %Time Play
1Vince DunnTravis Sanheim1226054%2:09
2Cam YorkCal Foote1224046%1:49
Penalty Kill 4 Players Forward
Line #CenterWingPHYDFOFWanted %Time %Time Play
1Mark KastelicGarnet Hathaway1226076%7:31
2Scott LaughtonNoah Cates1224024%2:24
Penalty Kill 4 Players Defense
Line #DefenseDefensePHYDFOFWanted %Time %Time Play
1Sean WalkerTravis Hamonic1226055%5:30
2Travis SanheimCam York1224045%4:25
Penalty Kill 3 Players
Line #WingPHYDFOFWanted %Time %Time PlayDefenseDefensePHYDFOFWanted %Time %Time Play
1Mark Kastelic122600%0:00 Sean WalkerTravis Hamonic122600%0:00
2Scott Laughton122400%0:00 Travis SanheimCam York122400%0:00
4 vs 4 Forward
Line #CenterWingPHYDFOFWanted %Time %Time Play
1Jonathan ToewsTravis Konecny122600%0:00
2Josh NorrisNoah Cates122400%0:00
4 vs 4 Defense
Line #DefensePHYDFOFWanted %Time %Time Play
1Vince DunnTravis Sanheim122600%0:00
2Cam YorkCal Foote122400%0:00
Last Minutes Offensive
Left WingCenterRight WingDefenseDefense
Noah CatesJonathan ToewsTravis KonecnyVince DunnCam York
Last Minutes Defensive
Left WingCenterRight WingDefenseDefense
Noah CatesScott LaughtonTravis KonecnyTravis SanheimTravis Hamonic
Time
Total ForwardTotal DefenseLast Minutes OffensiveLast Minutes Defensive
60:00 60:00 0:000:00
Extra Forwards
Normal PowerPlayPenalty Kill
Josh Norris, Morgan Frost, Ryan DonatoJosh Norris, Morgan FrostRyan Donato
Extra Defensemen
Normal PowerPlayPenalty Kill
Travis Sanheim, Cam York, Travis HamonicTravis Sanheim, Cam YorkTravis Hamonic
Penalty Shots
Travis Konecny, Scott Laughton, Josh Norris, Noah Cates, Morgan Frost
Goalie
Matt Murray, Samuel Ersson
Custom OT Lines Forwards
Travis Konecny, Scott Laughton, Jonathan Toews, Josh Norris, Noah Cates, Morgan Frost, Nicolas Deslauriers, Ryan Donato, Christian Fischer, Miles Wood
Custom OT Lines Defensemen
Vince Dunn, Cam York, Travis Sanheim, Travis Hamonic, Cal Foote
Scratches
Jack Drury (Healthy), Joel Farabee (Suspend), Egor Zamula (Healthy)


Play-by-Play

1st period


0:01 of 1st period - Jonathan Toews wins face-off versus Nick Suzuki in neutral zone.
1:27 of 1st period - Wrist shot by Derick Brassard.
1:27 of 1st period - Stopped by Matt Murray without a rebound.
1:28 of 1st period - Jonathan Toews wins face-off versus Nick Suzuki in Philadelphia Flyers zone.
2:12 of 1st period - Nicolas Deslauriers is hit by David Savard and loses puck.
2:19 of 1st period - Wrist shot by Josh Bailey.
2:19 of 1st period - Shot Misses the Net.
2:34 of 1st period - Nicolas Deslauriers is hit by Derick Brassard and loses puck.
2:55 of 1st period - Slapshot by Josh Bailey.
2:55 of 1st period - Stopped by Matt Murray without a rebound.
2:56 of 1st period - Nick Suzuki wins face-off versus Morgan Frost in Philadelphia Flyers zone.
2:56 of 1st period - Mike Matheson is hit by Miles Wood and loses puck.
3:11 of 1st period - Snap shot by Miles Wood.
3:11 of 1st period - Shot Blocked by Josh Anderson.
3:29 of 1st period - Snap shot by Noah Cates.
3:29 of 1st period - Deflect By Jonathan Toews.
3:29 of 1st period - Shot Misses the Net.
3:29 of 1st period - Puck is out of play.
3:30 of 1st period - Noah Cates wins face-off versus Kirby Dach in Montreal Canadiens zone.
3:39 of 1st period - Johnathan Kovacevic is hit by Sean Walker and loses puck.
3:58 of 1st period - Sean Walker is hit by Josh Anderson and loses puck.
4:07 of 1st period - Wrist shot by Miles Wood.
4:07 of 1st period - Shot Blocked by Kaiden Guhle.
5:03 of 1st period - Snap shot by Morgan Frost.
5:03 of 1st period - Stopped by Jake Allen without a rebound.
5:04 of 1st period - Josh Anderson wins face-off versus Morgan Frost in Montreal Canadiens zone.
5:19 of 1st period - Snap shot by Miles Wood.
5:19 of 1st period - Shot Blocked by Josh Anderson.
5:27 of 1st period - Wrist shot by Morgan Frost.
5:27 of 1st period - Stopped by Jake Allen with a rebound.
5:29 of 1st period - Snap shot by Josh Norris.
5:29 of 1st period - Shot Blocked by David Savard.
5:31 of 1st period - Slapshot by Sean Walker.
5:31 of 1st period - Shot Blocked by David Savard.
5:33 of 1st period - Slapshot by Sean Walker.
5:33 of 1st period - Stopped by Jake Allen without a rebound.
5:34 of 1st period - Jonathan Toews wins face-off versus Nick Suzuki in Montreal Canadiens zone.
5:37 of 1st period - Wrist shot by Travis Konecny.
5:37 of 1st period - Stopped by Jake Allen without a rebound.
5:38 of 1st period - Jonathan Toews wins face-off versus Josh Anderson in Montreal Canadiens zone.
5:43 of 1st period - Slapshot by Travis Konecny.
5:43 of 1st period - Stopped by Jake Allen with a rebound.
7:58 of 1st period - Sean Walker is hit by Johnathan Kovacevic and loses puck.
8:11 of 1st period - Snap shot by Miles Wood.
8:11 of 1st period - Stopped by Jake Allen with a rebound.
8:13 of 1st period - Wrist shot by Morgan Frost.
8:13 of 1st period - Shot Misses the Net.
8:15 of 1st period - Slapshot by Cam York.
8:15 of 1st period - Stopped by Jake Allen without a rebound.
8:16 of 1st period - Jonathan Toews wins face-off versus Kirby Dach in Montreal Canadiens zone.
8:27 of 1st period - Snap shot by Cole Caufield.
8:27 of 1st period - Stopped by Matt Murray with a rebound.
8:29 of 1st period - Snap shot by Kirby Dach.
8:29 of 1st period - Stopped by Matt Murray without a rebound.
8:30 of 1st period - Jonathan Toews wins face-off versus Nick Suzuki in Philadelphia Flyers zone.
8:35 of 1st period - Snap shot by Travis Konecny.
8:35 of 1st period - Stopped by Jake Allen with a rebound.
8:37 of 1st period - Wrist shot by Noah Cates.
8:37 of 1st period - Shot Blocked by Rafael Harvey-Pinard.
8:39 of 1st period - Slapshot by Travis Sanheim.
8:39 of 1st period - Stopped by Jake Allen without a rebound.
8:40 of 1st period - Jonathan Toews wins face-off versus Nick Suzuki in Montreal Canadiens zone.
8:53 of 1st period - Snap shot by Noah Cates.
8:53 of 1st period - Shot Blocked by Rafael Harvey-Pinard.
8:55 of 1st period - Snap shot by Travis Konecny.
8:55 of 1st period - Deflect By Jonathan Toews.
8:55 of 1st period - Stopped by Jake Allen with a rebound.
8:57 of 1st period - Snap shot by Travis Konecny.
8:57 of 1st period - Stopped by Jake Allen with a rebound.
8:59 of 1st period - Snap shot by Travis Konecny.
8:59 of 1st period - Shot Blocked by Johnathan Kovacevic.
9:01 of 1st period - Wrist shot by Jonathan Toews.
9:01 of 1st period - Shot Blocked by Nick Suzuki.
9:03 of 1st period - Snap shot by Cal Foote.
9:03 of 1st period - Shot Blocked by Rafael Harvey-Pinard.
9:05 of 1st period - Slapshot by Cal Foote.
9:05 of 1st period - Shot Misses the Net.
9:07 of 1st period - Snap shot by Noah Cates.
9:07 of 1st period - Stopped by Jake Allen with a rebound.
9:27 of 1st period - Snap shot by Travis Konecny.
9:27 of 1st period - Deflect By Jonathan Toews.
9:27 of 1st period - Shot Blocked by Johnathan Kovacevic.
9:27 of 1st period - Puck is out of play.
9:28 of 1st period - Kirby Dach wins face-off versus Morgan Frost in Montreal Canadiens zone.
9:28 of 1st period - Kirby Dach is hit by Miles Wood.
9:31 of 1st period - Minor Penalty to Alex Newhook for Tripping.
9:32 of 1st period - Josh Norris wins face-off versus Nick Suzuki in Montreal Canadiens zone.
10:04 of 1st period - Slapshot by Vince Dunn.
10:04 of 1st period - Stopped by Jake Allen without a rebound.
10:05 of 1st period - Jonathan Toews wins face-off versus Kirby Dach in Montreal Canadiens zone.
10:20 of 1st period - Slapshot by Travis Konecny.
10:20 of 1st period - Stopped by Jake Allen with a rebound.
10:22 of 1st period - Wrist shot by Travis Konecny.
10:22 of 1st period - Shot Misses the Net.
11:31 of 1st period - Penalty to Alex Newhook is over, Alex Newhook is back on ice.
11:49 of 1st period - Snap shot by Cole Caufield.
11:49 of 1st period - Stopped by Matt Murray with a rebound.
12:19 of 1st period - Noah Cates is hit by Cole Caufield and loses puck.
12:40 of 1st period - Off-side.
12:41 of 1st period - Morgan Frost wins face-off versus Christian Dvorak in neutral zone.
14:01 of 1st period - Wrist shot by Miles Wood.
14:01 of 1st period - Shot Blocked by David Savard.
14:03 of 1st period - Slapshot by Cal Foote.
14:03 of 1st period - Stopped by Jake Allen without a rebound.
14:04 of 1st period - Derick Brassard wins face-off versus Morgan Frost in Montreal Canadiens zone.
15:04 of 1st period - Matt Benning is hit by Garnet Hathaway and loses puck.
15:19 of 1st period - Travis Konecny is hit by Rafael Harvey-Pinard and loses puck.
15:44 of 1st period - Wrist shot by Josh Bailey.
15:44 of 1st period - Stopped by Matt Murray without a rebound.
15:45 of 1st period - Scott Laughton wins face-off versus Kirby Dach in Philadelphia Flyers zone.
16:27 of 1st period - Minor Penalty to Travis Hamonic for Cross-checking.
16:28 of 1st period - Nick Suzuki wins face-off versus Mark Kastelic in Philadelphia Flyers zone.
18:27 of 1st period - Penalty to Travis Hamonic is over, Travis Hamonic is back on ice.
18:31 of 1st period - Slapshot by Vince Dunn.
18:31 of 1st period - Shot Blocked by Alexander Edler.
18:33 of 1st period - Slapshot by Ryan Donato.
18:33 of 1st period - Stopped by Jake Allen with a rebound.
18:37 of 1st period - Slapshot by Vince Dunn.
18:37 of 1st period - Shot Blocked by Michael Pezzetta.
18:39 of 1st period - Snap shot by Travis Hamonic.
18:39 of 1st period - Stopped by Jake Allen with a rebound.
18:41 of 1st period - Wrist shot by Noah Cates.
18:41 of 1st period - Stopped by Jake Allen without a rebound.
18:42 of 1st period - Derick Brassard wins face-off versus Morgan Frost in Montreal Canadiens zone.
19:41 of 1st period - Cole Caufield is hit by Mark Kastelic and loses puck.
19:54 of 1st period - Snap shot by Nick Suzuki.
19:54 of 1st period - Stopped by Matt Murray without a rebound.
19:55 of 1st period - Nick Suzuki wins face-off versus Noah Cates in Philadelphia Flyers zone.
19:56 of 1st period - Snap shot by Rafael Harvey-Pinard.
19:56 of 1st period - Shot Blocked by Vince Dunn.
19:58 of 1st period - Slapshot by David Savard.
19:58 of 1st period - Stopped by Matt Murray with a rebound.
Goals for this period are 0 for Montreal Canadiens vs 0 for Philadelphia Flyers.
Shots for this period are 8 for Montreal Canadiens vs 18 for Philadelphia Flyers.

2nd period


0:01 of 2nd period - Nick Suzuki wins face-off versus Scott Laughton in neutral zone.
0:55 of 2nd period - Snap shot by Christian Fischer.
0:55 of 2nd period - Stopped by Jake Allen with a rebound.
0:57 of 2nd period - Wrist shot by Christian Fischer.
0:57 of 2nd period - Shot Blocked by Josh Bailey.
0:59 of 2nd period - Snap shot by Mark Kastelic.
0:59 of 2nd period - Stopped by Jake Allen without a rebound.
1:00 of 2nd period - Jonathan Toews wins face-off versus Nick Suzuki in Montreal Canadiens zone.
1:05 of 2nd period - Slapshot by Noah Cates.
1:05 of 2nd period - Shot Misses the Net.
1:07 of 2nd period - Slapshot by Cal Foote.
1:07 of 2nd period - Shot Misses the Net.
1:48 of 2nd period - Icing by Nick Suzuki.
1:49 of 2nd period - Nick Suzuki wins face-off versus Scott Laughton in Montreal Canadiens zone.
1:54 of 2nd period - Wrist shot by Kirby Dach.
1:54 of 2nd period - Shot Misses the Net.
1:56 of 2nd period - Slapshot by Alexander Edler.
1:56 of 2nd period - Shot Blocked by Travis Hamonic.
1:58 of 2nd period - Wrist shot by Alex Newhook.
1:58 of 2nd period - Shot Blocked by Travis Hamonic.
2:00 of 2nd period - Snap shot by Alex Newhook.
2:00 of 2nd period - Stopped by Matt Murray without a rebound.
2:01 of 2nd period - Scott Laughton wins face-off versus Kirby Dach in Philadelphia Flyers zone.
2:50 of 2nd period - Miles Wood is hit by Alexander Edler and loses puck.
2:57 of 2nd period - Alexander Edler is hit by Vince Dunn.
4:20 of 2nd period - Wrist shot by Nick Suzuki.
4:20 of 2nd period - Deflect By Josh Anderson.
4:20 of 2nd period - Shot Blocked by Nicolas Deslauriers.
4:20 of 2nd period - Puck is out of play.
4:21 of 2nd period - Nick Suzuki wins face-off versus Jonathan Toews in Philadelphia Flyers zone.
4:22 of 2nd period - Slapshot by Rafael Harvey-Pinard.
4:22 of 2nd period - Stopped by Matt Murray without a rebound.
4:23 of 2nd period - Jonathan Toews wins face-off versus Nick Suzuki in Philadelphia Flyers zone.
4:44 of 2nd period - Josh Anderson is hit by Noah Cates.
5:04 of 2nd period - Slapshot by Miles Wood.
5:04 of 2nd period - Stopped by Jake Allen with a rebound.
5:56 of 2nd period - Snap shot by Nick Suzuki.
5:56 of 2nd period - Stopped by Matt Murray with a rebound.
6:20 of 2nd period - Minor Penalty to Vince Dunn for Cross-checking.
6:21 of 2nd period - Nick Suzuki wins face-off versus Mark Kastelic in Philadelphia Flyers zone.
6:37 of 2nd period - Snap shot by Mike Matheson.
6:37 of 2nd period - Deflect By Cam York.
6:37 of 2nd period - Stopped by Matt Murray with a rebound.
6:51 of 2nd period - Snap shot by Kirby Dach.
6:51 of 2nd period - Shot Blocked by Cam York.
6:53 of 2nd period - Slapshot by Matt Benning.
6:53 of 2nd period - Stopped by Matt Murray with a rebound.
6:55 of 2nd period - Snap shot by Kirby Dach.
6:55 of 2nd period - Shot Blocked by Travis Sanheim.
8:20 of 2nd period - Penalty to Vince Dunn is over, Vince Dunn is back on ice.
8:34 of 2nd period - Derick Brassard is hit by Morgan Frost.
8:38 of 2nd period - Mike Matheson is hit by Nicolas Deslauriers and loses puck.
9:05 of 2nd period - Nicolas Deslauriers is hit by Michael Pezzetta and loses puck.
9:18 of 2nd period - Josh Norris is hit by Johnathan Kovacevic and loses puck.
9:46 of 2nd period - Backhand shot by Morgan Frost.
9:46 of 2nd period - Stopped by Jake Allen without a rebound.
9:47 of 2nd period - Jonathan Toews wins face-off versus Nick Suzuki in Montreal Canadiens zone.
9:52 of 2nd period - Wrist shot by Noah Cates.
9:52 of 2nd period - Deflect By Nick Suzuki.
9:52 of 2nd period - Shot Misses the Net.
9:52 of 2nd period - Puck is out of play.
9:53 of 2nd period - Jonathan Toews wins face-off versus Rafael Harvey-Pinard in Montreal Canadiens zone.
10:20 of 2nd period - Alexander Edler is hit by Mark Kastelic and loses puck.
11:42 of 2nd period - Derick Brassard is hit by Travis Sanheim and loses puck.
12:30 of 2nd period - Wrist shot by Morgan Frost.
12:30 of 2nd period - Shot Misses the Net.
12:32 of 2nd period - Slapshot by Cam York.
12:32 of 2nd period - Stopped by Jake Allen without a rebound.
12:33 of 2nd period - Kirby Dach wins face-off versus Miles Wood in Montreal Canadiens zone.
12:57 of 2nd period - Icing by Nicolas Deslauriers.
12:58 of 2nd period - Scott Laughton wins face-off versus Nick Suzuki in Philadelphia Flyers zone.
13:29 of 2nd period - Garnet Hathaway is hit by Alex Newhook and loses puck.
14:08 of 2nd period - Wrist shot by Rafael Harvey-Pinard.
14:08 of 2nd period - Stopped by Matt Murray with a rebound.
14:10 of 2nd period - Snap shot by Alexander Edler.
14:10 of 2nd period - Deflect By Travis Konecny.
14:10 of 2nd period - Stopped by Matt Murray with a rebound.
14:12 of 2nd period - Slapshot by Nick Suzuki.
14:12 of 2nd period - Shot Blocked by Vince Dunn.
14:14 of 2nd period - Slapshot by Alexander Edler.
14:14 of 2nd period - Deflect By Vince Dunn.
14:14 of 2nd period - Stopped by Matt Murray without a rebound.
14:15 of 2nd period - Nick Suzuki wins face-off versus Miles Wood in Philadelphia Flyers zone.
14:18 of 2nd period - Wrist shot by Nick Suzuki.
14:18 of 2nd period - Stopped by Matt Murray with a rebound.
14:20 of 2nd period - Snap shot by Josh Anderson.
14:20 of 2nd period - Goal by Josh Anderson - Montreal Canadiens : 1 - Philadelphia Flyers : 0.
14:21 of 2nd period - Josh Norris wins face-off versus Josh Anderson in neutral zone.
14:58 of 2nd period - Wrist shot by Cole Caufield.
14:58 of 2nd period - Shot Misses the Net.
15:20 of 2nd period - Slapshot by Mike Matheson.
15:20 of 2nd period - Shot Blocked by Travis Sanheim.
15:22 of 2nd period - Backhand shot by David Savard.
15:22 of 2nd period - Shot Blocked by Cal Foote.
15:24 of 2nd period - Slapshot by Mike Matheson.
15:24 of 2nd period - Stopped by Matt Murray with a rebound.
15:26 of 2nd period - Slapshot by David Savard.
15:26 of 2nd period - Shot Misses the Net.
16:02 of 2nd period - Slapshot by Travis Sanheim.
16:02 of 2nd period - Shot Misses the Net.
16:04 of 2nd period - Backhand shot by Ryan Donato.
16:04 of 2nd period - Stopped by Jake Allen without a rebound.
16:05 of 2nd period - Morgan Frost wins face-off versus Kirby Dach in Montreal Canadiens zone.
16:14 of 2nd period - Slapshot by Morgan Frost.
16:14 of 2nd period - Shot Misses the Net.
16:16 of 2nd period - Slapshot by Miles Wood.
16:16 of 2nd period - Stopped by Jake Allen without a rebound.
16:17 of 2nd period - Morgan Frost wins face-off versus Nick Suzuki in Montreal Canadiens zone.
16:20 of 2nd period - Wrist shot by Morgan Frost.
16:20 of 2nd period - Shot Blocked by Rafael Harvey-Pinard.
16:54 of 2nd period - Wrist shot by Kirby Dach.
16:54 of 2nd period - Shot Blocked by Travis Hamonic.
17:32 of 2nd period - Sean Walker is hit by Josh Anderson and loses puck.
17:55 of 2nd period - Snap shot by Josh Norris.
17:55 of 2nd period - Goal by Josh Norris - Montreal Canadiens : 1 - Philadelphia Flyers : 1.
17:56 of 2nd period - Nick Suzuki wins face-off versus Morgan Frost in neutral zone.
17:59 of 2nd period - Slapshot by Matt Benning.
17:59 of 2nd period - Shot Misses the Net.
18:05 of 2nd period - Wrist shot by Rafael Harvey-Pinard.
18:05 of 2nd period - Stopped by Matt Murray with a rebound.
18:07 of 2nd period - Wrist shot by Alexander Edler.
18:07 of 2nd period - Stopped by Matt Murray with a rebound.
18:09 of 2nd period - Slapshot by Matt Benning.
18:09 of 2nd period - Deflect By Morgan Frost.
18:09 of 2nd period - Stopped by Matt Murray with a rebound.
18:13 of 2nd period - Snap shot by Josh Anderson.
18:13 of 2nd period - Shot Misses the Net.
18:27 of 2nd period - Minor Penalty to Nicolas Deslauriers for Hooking.
18:28 of 2nd period - Mark Kastelic wins face-off versus Nick Suzuki in Philadelphia Flyers zone.
18:40 of 2nd period - Slapshot by Mike Matheson.
18:40 of 2nd period - Stopped by Matt Murray with a rebound.
19:14 of 2nd period - Mark Kastelic is hit by Josh Anderson and loses puck.
Goals for this period are 1 for Montreal Canadiens vs 1 for Philadelphia Flyers.
Shots for this period are 15 for Montreal Canadiens vs 8 for Philadelphia Flyers.

3rd period


0:01 of 3rd period - Nick Suzuki wins face-off versus Mark Kastelic in neutral zone.
0:27 of 3rd period - Penalty to Nicolas Deslauriers is over, Nicolas Deslauriers is back on ice.
1:06 of 3rd period - Slapshot by Mike Matheson.
1:06 of 3rd period - Stopped by Matt Murray without a rebound.
1:07 of 3rd period - Scott Laughton wins face-off versus Kirby Dach in Philadelphia Flyers zone.
1:43 of 3rd period - Michael Pezzetta is hit by Miles Wood and loses puck.
2:06 of 3rd period - Kirby Dach is hit by Travis Konecny and loses puck.
2:07 of 3rd period - Kirby Dach from Montreal Canadiens is injured at 2:07 of 3rd period (Bruised Left Leg).
2:08 of 3rd period - Scott Laughton wins face-off versus Nick Suzuki in Montreal Canadiens zone.
2:19 of 3rd period - Slapshot by Vince Dunn.
2:19 of 3rd period - Stopped by Jake Allen with a rebound.
2:21 of 3rd period - Slapshot by Vince Dunn.
2:21 of 3rd period - Shot Blocked by Mike Matheson.
2:23 of 3rd period - Slapshot by Vince Dunn.
2:23 of 3rd period - Shot Blocked by Josh Anderson.
2:25 of 3rd period - Slapshot by Garnet Hathaway.
2:25 of 3rd period - Shot Misses the Net.
3:17 of 3rd period - Ryan Donato is hit by Derick Brassard and loses puck.
3:42 of 3rd period - Slapshot by Vince Dunn.
3:42 of 3rd period - Shot Misses the Net.
3:49 of 3rd period - Snap shot by Morgan Frost.
3:49 of 3rd period - Shot Misses the Net.
4:11 of 3rd period - Snap shot by Scott Laughton.
4:11 of 3rd period - Shot Misses the Net.
5:30 of 3rd period - Ryan Donato is hit by Alexander Edler.
7:02 of 3rd period - Slapshot by Matt Benning.
7:02 of 3rd period - Deflect By Noah Cates.
7:02 of 3rd period - Stopped by Matt Murray with a rebound.
7:04 of 3rd period - Wrist shot by Derick Brassard.
7:04 of 3rd period - Stopped by Matt Murray without a rebound.
7:05 of 3rd period - Christian Dvorak wins face-off versus Scott Laughton in Philadelphia Flyers zone.
7:06 of 3rd period - Snap shot by Cole Caufield.
7:06 of 3rd period - Deflect By Alex Newhook.
7:06 of 3rd period - Stopped by Matt Murray with a rebound.
7:12 of 3rd period - Mike Matheson is hit by Nicolas Deslauriers and loses puck.
7:13 of 3rd period - Mike Matheson from Montreal Canadiens is injured at 7:13 of 3rd period (Strained Left Knee).
7:14 of 3rd period - Scott Laughton wins face-off versus Nick Suzuki in Montreal Canadiens zone.
7:37 of 3rd period - Minor Penalty to Alexander Edler for Tripping.
7:38 of 3rd period - Jonathan Toews wins face-off versus Nick Suzuki in Montreal Canadiens zone.
8:21 of 3rd period - Slapshot by Vince Dunn.
8:21 of 3rd period - Deflect By Josh Norris.
8:21 of 3rd period - Stopped by Jake Allen without a rebound.
8:22 of 3rd period - Nick Suzuki wins face-off versus Josh Norris in Montreal Canadiens zone.
8:22 of 3rd period - Nick Suzuki is hit by Garnet Hathaway.
9:34 of 3rd period - Johnathan Kovacevic is hit by Travis Konecny and loses puck.
9:37 of 3rd period - Penalty to Alexander Edler is over, Alexander Edler is back on ice.
9:49 of 3rd period - Snap shot by Christian Dvorak.
9:49 of 3rd period - Stopped by Matt Murray with a rebound.
9:55 of 3rd period - David Savard is hit by Mark Kastelic and loses puck.
10:24 of 3rd period - Rafael Harvey-Pinard is hit by Sean Walker and loses puck.
10:46 of 3rd period - Christian Fischer is hit by Michael Pezzetta and loses puck.
11:03 of 3rd period - Icing by Kaiden Guhle.
11:04 of 3rd period - Jonathan Toews wins face-off versus Derick Brassard in Montreal Canadiens zone.
11:05 of 3rd period - Wrist shot by Travis Konecny.
11:05 of 3rd period - Shot Misses the Net.
11:13 of 3rd period - Michael Pezzetta is hit by Travis Konecny.
11:17 of 3rd period - Travis Konecny is hit by Michael Pezzetta and loses puck.
11:30 of 3rd period - Slapshot by Matt Benning.
11:30 of 3rd period - Stopped by Matt Murray without a rebound.
11:31 of 3rd period - Rafael Harvey-Pinard wins face-off versus Scott Laughton in Philadelphia Flyers zone.
11:42 of 3rd period - Slapshot by Scott Laughton.
11:42 of 3rd period - Stopped by Jake Allen without a rebound.
11:43 of 3rd period - Morgan Frost wins face-off versus Nick Suzuki in Montreal Canadiens zone.
11:53 of 3rd period - Off-side.
11:54 of 3rd period - Nick Suzuki wins face-off versus Scott Laughton in neutral zone.
11:57 of 3rd period - Vince Dunn is hit by Alexander Edler and loses puck.
12:02 of 3rd period - Wrist shot by Rafael Harvey-Pinard.
12:02 of 3rd period - Stopped by Matt Murray with a rebound.
12:04 of 3rd period - Wrist shot by Rafael Harvey-Pinard.
12:04 of 3rd period - Stopped by Matt Murray without a rebound.
12:05 of 3rd period - Nick Suzuki wins face-off versus Jonathan Toews in Philadelphia Flyers zone.
12:32 of 3rd period - Alexander Edler is hit by Miles Wood and loses puck.
12:39 of 3rd period - Snap shot by Miles Wood.
12:39 of 3rd period - Stopped by Jake Allen without a rebound.
12:40 of 3rd period - Scott Laughton wins face-off versus Nick Suzuki in Montreal Canadiens zone.
12:49 of 3rd period - Rafael Harvey-Pinard is hit by Garnet Hathaway and loses puck.
13:12 of 3rd period - Snap shot by Noah Cates.
13:12 of 3rd period - Stopped by Jake Allen with a rebound.
13:52 of 3rd period - Alexander Edler is hit by Travis Hamonic and loses puck.
14:15 of 3rd period - Minor Penalty to Scott Laughton for Tripping.
14:16 of 3rd period - Mark Kastelic wins face-off versus Nick Suzuki in Philadelphia Flyers zone.
16:15 of 3rd period - Penalty to Scott Laughton is over, Scott Laughton is back on ice.
16:21 of 3rd period - David Savard is hit by Cal Foote and loses puck.
16:54 of 3rd period - Minor Penalty to Cal Foote for Interference.
16:55 of 3rd period - Mark Kastelic wins face-off versus Rafael Harvey-Pinard in Philadelphia Flyers zone.
17:04 of 3rd period - Slapshot by Travis Hamonic.
17:04 of 3rd period - Shot Blocked by Matt Benning.
18:13 of 3rd period - Rafael Harvey-Pinard is hit by Ryan Donato and loses puck.
18:54 of 3rd period - Penalty to Cal Foote is over, Cal Foote is back on ice.
19:08 of 3rd period - Morgan Frost is hit by Joel Armia and loses puck.
19:57 of 3rd period - Travis Konecny is hit by Alexander Edler and loses puck.
Goals for this period are 0 for Montreal Canadiens vs 0 for Philadelphia Flyers.
Shots for this period are 8 for Montreal Canadiens vs 5 for Philadelphia Flyers.

Overtime #1


0:01 of 1st overtime period - Nick Suzuki wins face-off versus Jonathan Toews in neutral zone.
1:30 of 1st overtime period - Noah Cates is hit by David Savard and loses puck.
2:13 of 1st overtime period - Wrist shot by Sean Monahan.
2:13 of 1st overtime period - Goal by Sean Monahan - Montreal Canadiens : 2 - Philadelphia Flyers : 1.
Goals for this period are 1 for Montreal Canadiens vs 0 for Philadelphia Flyers.
Shots for this period are 1 for Montreal Canadiens vs 0 for Philadelphia Flyers.